[Event "Late-Titled-Tuesday-Blitz-May-07-2024"]
[Site "Chess.com"]
[Date "2024.05.07"]
[Round "11"]
[White "CombativeWombat"]
[Black "LUISMIGUELOV"]
[Result "1-0"]
[WhiteElo "2348"]
[BlackElo "2217"]
[TimeControl "180+1"]
[EndTime "16:06:56 PDT"]
[Termination "CombativeWombat won by checkmate"]

1. e4 c6 2. Nc3 d5 3. Nf3 Bg4 4. Be2 dxe4 5. Nxe4 Nd7 6. O-O Ngf6 7. Nxf6+ Nxf6 8. d4 e6 9. c3 Qc7 10. Qb3 Be7 11. Bg5 h6 12. Bh4 O-O 13. Rfe1 Rad8 14. h3 Bh5 15. Bg3 Bd6 16. Bxd6 Rxd6 17. Ne5 Bxe2 18.
Rxe2 b6 19. a4 a5 20. Nc4 Rdd8 21. Qxb6 Qf4 22. g3 Qf5 23. Ne5 Qxh3 24. Qxa5 Rd5 25. Qc7 c5 26. dxc5 Rxe5 27. Qxe5 Ng4 28. Qe4 Qh2+ 29.
Kf1 f5 30. Qg2 Qh5 31. Kg1 Nh2 32. Re3 Ng4 33. Rxe6 f4 34. gxf4 Rxf4 35. Rf1 Nf6 36. f3 Rf5 37. Kf2 Rg5 38. Qh1 Qg6 39. Rg1 Ne4+ 40. Rxe4 Qc6 41. Rxg5 hxg5 42. Qh5 Qxc5+ 43. Kg2 Qb6 44. Qe8+ Kh7 45. Qh5+ Kg8 46. Re8# 1-0

[Event "Late-Titled-Tuesday-Blitz-May-07-2024"]
[Site "Chess.com"]
[Date "2024.05.07"]
[Round "11"]
[White "cycygogne"]
[Black "Mariia89"]
[Result "1-0"]
[WhiteElo "2185"]
[BlackElo "2219"]
[TimeControl "180+1"]
[EndTime "16:06:56 PDT"]
[Termination "cycygogne won by checkmate"]

1. e4 c6 2. d4 d5 3. Nc3 dxe4 4. Nxe4 Nf6 5. Nxf6+ exf6 6. c3 Be7 7. Bd3 Na6 8. Qc2 Nc7 9. Ne2 Nd5 10. O-O Be6 11. a3 Bg4 12. Re1 h6 13. c4 Nc7 14. Be3 O-O 15.
Ng3 Re8 16. Nf5 Bxf5 17. Bxf5 Bd6 18. Qd2 h5 19. Rad1 g6 20. Bb1 Qd7 21. b4 Qg4 22. h3 Qh4 23. Qd3 Ne6 24. d5 Nf4 25. Bxf4 Qxf4 26. g3 Qg5 27. dxc6 Be5 28. cxb7 Rab8 29.
Qf3 h4 30. Kg2 hxg3 31. fxg3 Re7 32. Rd5 Rexb7 33. h4 Qh6 34. Qg4 Qg7 35. Red1 Re8 36. Rd8 Re7 37. Rxe8+ Rxe8 38. Rd7 Qf8 39. h5 Qg7 40.
hxg6 Qxg6 41. Bxg6 fxg6 42. Qxg6+ Kf8 43. Qg7# 1-0

[Event "Late-Titled-Tuesday-Blitz-May-07-2024"]
[Site "Chess.com"]
[Date "2024.05.07"]
[Round "11"]
[White "eljanov"]
[Black "Arek_pacitan"]
[Result "1-0"]
[WhiteElo "2869"]
[BlackElo "2761"]
[TimeControl "180+1"]
[EndTime "16:06:57 PDT"]
[Termination "eljanov won by checkmate"]

1. d4 Nf6 2. Bf4 d6 3. Nc3 g6 4. e4 Bg7 5. Qd2 c6 6. Nf3 O-O 7. Bh6 b5 8. Bxg7 Kxg7 9. Bd3 Nbd7 10. e5 dxe5 11. dxe5 Ng4 12. Qf4 h5 13. h3 Nh6 14.
g4 Nc5 15. O-O-O Qa5 16. a3 b4 17. axb4 Qa1+ 18. Kd2 Nb3+ 19. cxb3 Qxb2+ 20. Bc2 Rd8+ 21. Nd4 Bf5 22. gxf5 Nxf5 23. Rb1 Qa3 24. Bxf5 Qxb4 25.
Kd3 c5 26. Ne2 cxd4 27. Rhc1 Qb5+ 28. Rc4 e6 29. Bxe6 fxe6 30. Qf6+ Kh6 31. Nf4 Rg8 32.
Nxe6 Rac8 33. Qg5+ Kh7 34. Qe7+ Kh6 35. Nxd4 Qa6 36. Rg1 Rxc4 37. bxc4 Rc8 38. Nf5+ gxf5 39. Qg7# 1-0

[Event "Late-Titled-Tuesday-Blitz-May-07-2024"]
[Site "Chess.com"]
[Date "2024.05.07"]
[Round "11"]
[White "jk13"]
[Black "BardArtem"]
[Result "1-0"]
[WhiteElo "2646"]
[BlackElo "2767"]
[TimeControl "180+1"]
[EndTime "16:06:59 PDT"]
[Termination "jk13 won on time"]

1. e4 c6 2. Nc3 d5 3. Nf3 Bg4 4. h3 Bxf3 5. Qxf3 e6 6. a3 Nf6 7. d3 Be7 8. g3 O-O 9. Bg2 a5 10. O-O Re8 11. Qe2 h6 12. Kh1 c5 13. f4 Nc6 14. Qf2 Nd4 15. g4 Qd7 16. g5 Nh7 17. h4 dxe4 18. dxe4 hxg5 19. hxg5 Nf8 20. f5 Nh7 21. g6 Nf6 22. e5 Nxf5 23. exf6 Bxf6 24.
Ne4 Bd4 25. Qf4 fxg6 26. c3 Bf6 27. Qg4 Kf7 28. Bg5 Rh8+ 29. Kg1 Rad8 30. Rad1 Qa4 31. Bxf6 gxf6 32. Ng5+ fxg5 33. Qxa4 Kf6 34. Be4 Rxd1 35.
Qxd1 Rh4 36. Qd8+ Ke5 37. Bxf5 gxf5 38. Re1+ Kf4 39. Qd6+ Kg4 40. Qxe6 1-0

[Event "Late-Titled-Tuesday-Blitz-May-07-2024"]
[Site "Chess.com"]
[Date "2024.05.07"]
[Round "11"]
[White "JG-17"]
[Black "Fins0905"]
[Result "0-1"]
[WhiteElo "2574"]
[BlackElo "2740"]
[TimeControl "180+1"]
[EndTime "16:07:00 PDT"]
[Termination "Fins0905 won by resignation"]

1. e4 d5 2. exd5 Qxd5 3. Nc3 Qa5 4. d4 Nf6 5. Nf3 Bf5 6. Bc4 e6 7. Bd2 Bb4 8. O-O Nc6 9. Re1 O-O 10. a3 Bxc3 11.
Bxc3 Qb6 12. b3 Rad8 13. a4 a5 14. Bb5 Nd5 15. Bb2 Bg4 16. Bxc6 Bxf3 17. Qxf3 Qxc6 18.
c4 Nb4 19. Qxc6 Nxc6 20. Red1 Rd7 21. Rd2 Rfd8 22. Rad1 b6 23. Kf1 h5 24. Ke2 Ne7 25. h3 h4 26. g4 hxg3 27. fxg3 g5 28. Kf3 Kh7 29. g4 Kg6 30. Ke4 Re8 31. Kf3 Ng8 32. d5 e5 33. d6 c6 34. Re1 f6 35. c5 bxc5 36. Bc3 Rb8 37. Rb1 Ra7 38. d7 Rd8 39.
Rbd1 Ne7 40. Rd6 Nd5 41. Bxe5 Rdxd7 42. Rxd7 Rxd7 43. Bc3 Rb7 44. Bxa5 Rxb3+ 45. Kf2 Ra3 46. Bb6 Nxb6 0-1

[Event "Late-Titled-Tuesday-Blitz-May-07-2024"]
[Site "Chess.com"]
[Date "2024.05.07"]
[Round "11"]
[White "lamomiajunior"]
[Black "cristianserban1"]
[Result "1-0"]
[WhiteElo "2777"]
[BlackElo "2652"]
[TimeControl "180+1"]
[EndTime "16:07:01 PDT"]
[Termination "lamomiajunior won by resignation"]

1. d4 Nf6 2. Nc3 d5 3. Bf4 c5 4.
e4 Nxe4 5. Bb5+ Nc6 6. Nxe4 dxe4 7. Ne2 Qa5+ 8. Nc3 cxd4 9. Qxd4 Qxb5 10. Nxb5 Nxd4 11.
Nc7+ Kd8 12. O-O-O Bd7 13. Rxd4 Rc8 14. Rhd1 Rxc7 15.
Bxc7+ Kxc7 16. Rxd7+ Kc6 17. Rd8 g6 18. Kb1 Bg7 19.
R8d7 Bf6 20. c3 h5 21. Rd8 Rxd8 22. Rxd8 Be5 23. g3 a6 24. Kc2 h4 25. Rd2 hxg3 26. hxg3 f5 27. Rd8 g5 28. Rg8 g4 29. Kb3 e3 30. fxe3 Bxg3 31. e4 f4 32. Rxg4 b5 33. Kb4 Kd6 34. Rg5 e6 35. Kb3 Bh4 36. Rh5 Bf6 37.
Kc2 Be5 38. Kd3 a5 39. Ke2 b4 40. cxb4 axb4 41. b3 Bc3 42. Kf3 e5 43. Rh6+ Kc5 44. Rh7 Bd4 45. Rc7+ Kb6 46. Rc4 Bc3 47. a4 bxa3 48.
Rxc3 a2 49. Rc1 Kb5 50. Ra1 Kb4 51. Rxa2 Kxb3 52. Ra5 1-0

[Event "Late-Titled-Tuesday-Blitz-May-07-2024"]
[Site "Chess.com"]
[Date "2024.05.07"]
[Round "11"]
[White "hikaruchija"]
[Black "Statham_01"]
[Result "1-0"]
[WhiteElo "2530"]
[BlackElo "2607"]
[TimeControl "180+1"]
[EndTime "16:07:01 PDT"]
[Termination "hikaruchija won on time"]

1. d4 e6 2. c4 b6 3. Nc3 Bb7 4. e4 Bb4 5. f3 f5 6. exf5 Nf6 7.
fxe6 O-O 8. Bd3 c5 9. Ne2 cxd4 10.
Nxd4 dxe6 11. Be3 Nc6 12. Nxc6 Bxc6 13. Qc2 Qe7 14. O-O Rad8 15. Rfe1 Kh8 16. a3 Bc5 17. Rad1 Bxe3+ 18. Rxe3 Qc5 19. Qf2 Ng4 20. b4 Nxf2 21. bxc5 Nxd1 22. Nxd1 bxc5 23. Nf2 Rd6 24. Re5 Rfd8 25. Rxc5 Be8 26. Be4 Ra6 27. Re5 Rxa3 28. h4 Ra1+ 29. Kh2 Bf7 30. Nh3 h6 31. Nf4 a5 32. c5 a4 33. c6 Rc1 34. Ra5 Rc4 35.
Ra7 e5 36. Nd3 Bd5 37. Nxe5 Bxe4 38. Nxc4 Bxc6 39. Ne5 Be8 40. Rxa4 Rd5 41. Re4 Kh7 42. g4 Rd2+ 43. Kg3 Ra2 44. h5 Rb2 45. Rd4 Re2 46. Kf4 Ra2 47. Rd8 Ra4+ 48. Kf5 Bb5 49. Ng6 Bd3+ 50.
Rxd3 Ra2 51. Rd8 Ra5+ 52. Kf4 Rf5+ 53. Ke4 Rxh5 54. Nf8+ 1-0

[Event "Late-Titled-Tuesday-Blitz-May-07-2024"]
[Site "Chess.com"]
[Date "2024.05.07"]
[Round "11"]
[White "RespectfulDaveOnYouTube"]
[Black "BabageldiAnnaberdiyev"]
[Result "1-0"]
[WhiteElo "2486"]
[BlackElo "2554"]
[TimeControl "180+1"]
[EndTime "16:07:01 PDT"]
[Termination "RespectfulDaveOnYouTube won by checkmate"]

1. e4 e6 2. g3 d5 3. exd5 exd5 4. Bg2 Nf6 5. Ne2 Bd6 6. O-O O-O 7. d4 h6 8. Bf4 c6 9. c4 dxc4 10. a4 Na6 11.
Nd2 Be6 12. Rc1 Bd5 13. Be5 Bxg2 14. Kxg2 b5 15. Nf4 Nb4 16. Qf3 Nbd5 17. axb5 Nxf4+ 18. gxf4 cxb5 19. Rg1 Bxe5 20. fxe5 Nd5 21. Ne4 f6 22.
Kh1 fxe5 23. Qh5 Rf7 24. Qxe5 Qd7 25. Rg6 Nf4 26. Rxg7+ Kf8 27. Rxf7+ Qxf7 28. Qd6+ Kg7 29. Rg1+ Ng6 30. Qe5+ Kf8 31. Qc5+ Kg7 32. Qe5+ Kf8 33.
Qd6+ Kg7 34. f4 Re8 35. Ng3 Qb7+ 36. d5 Nxf4 37. Nf5+ Kf7 38. Rg7# 1-0

[Event "Late-Titled-Tuesday-Blitz-May-07-2024"]
[Site "Chess.com"]
[Date "2024.05.07"]
[Round "11"]
[White "shirovin"]
[Black "egnfanclub"]
[Result "0-1"]
[WhiteElo "2106"]
[BlackElo "2345"]
[TimeControl "180+1"]
[EndTime "16:07:03 PDT"]
[Termination "egnfanclub won on time"]

1. e4 e5 2. Nf3 Nc6 3. d4 exd4 4. Nxd4 Bc5 5. Nb3 Bb6 6. Nc3 Nge7 7. Bg5 f6 8. Bh4 O-O 9. Bd3 Qe8 10. Qd2 a5 11.
O-O a4 12. Nc1 a3 13. bxa3 Rxa3 14. Nb3 Ng6 15. Bg3 d6 16. Nd5 Nce5 17. Nxb6 cxb6 18. Qb4 Ra4 19. Qxb6 Qc6 20. Qe3 Qc3 21. Qd2 Qxd2 22. Nxd2 Be6 23. Rfb1 Ra7 24. f4 Nxd3 25. cxd3 Bf7 26.
a4 Rc8 27. a5 Rca8 28. Nb3 Bxb3 29. Rxb3 Rxa5 30. Rxa5 Rxa5 31. Rxb7 Ra3 32. f5 Ne5 33. Bxe5 fxe5 34. Kf2 Rxd3 35. Rb8+ Kf7 36. Rb7+ Kf6 37. Rd7 h5 38. h4 Rd2+ 39. Kf3 Rd3+ 40. Ke2 Rd4 41. Ke3 d5 0-1

[Event "Late-Titled-Tuesday-Blitz-May-07-2024"]
[Site "Chess.com"]
[Date "2024.05.07"]
[Round "11"]
[White "Durarbayli"]
[Black "jefferyx"]
[Result "1-0"]
[WhiteElo "2954"]
[BlackElo "3091"]
[TimeControl "180+1"]
[EndTime "16:07:05 PDT"]
[Termination "Durarbayli won on time"]

1. e4 e6 2. d4 d5 3. exd5 exd5 4. h3 Bd6 5. Bd3 Ne7 6. Bg5 Nbc6 7. c3 f6 8. Be3 Bf5 9. Bxf5 Nxf5 10. Qh5+ g6 11.
Qf3 Qe7 12. Nd2 Qe6 13. h4 O-O-O 14. O-O-O Rhe8 15. Re1 h5 16. Rh3 Re7 17. Re2 Qg8 18. g4 hxg4 19. Qxg4 Kb8 20. h5 gxh5 21. Qxf5 Qxg1+ 22. Kc2 Qg4 23. Qxh5 f5 24. Qxg4 fxg4 25. Rh5 Bf4 26.
Nf1 Rf7 27. Bxf4 Rxf4 28. Ne3 Rdf8 29. Kd1 Ne7 30. Re5 Ng6 31. Rg5 Nh4 32. Nxd5 Nf3 33. Rg7 R4f5 34. Nxc7 Rg5 35. Rxg5 Nxg5 36. Re8+ Rxe8 37.
Nxe8 Ne4 38. Ke2 Kc8 39. Ke3 Ng5 40. Nf6 1-0

[Event "Late-Titled-Tuesday-Blitz-May-07-2024"]
[Site "Chess.com"]
[Date "2024.05.07"]
[Round "11"]
[White "ImportedItalianMaple"]
[Black "EliteChess0967"]
[Result "1/2-1/2"]
[WhiteElo "2540"]
[BlackElo "2430"]
[TimeControl "180+1"]
[EndTime "16:07:05 PDT"]
[Termination "Game drawn by repetition"]

1. e4 e5 2. Nc3 Nc6 3. Bc4 Bc5 4.
d3 d6 5. f4 exf4 6. Bxf4 Nf6 7. Nf3 O-O 8. Qd2 Be6 9. Bb3 Bxb3 10. axb3 d5 11. e5 Nh5 12. d4 Nxf4 13. Qxf4 Be7 14.
O-O Qd7 15. Rae1 Nd8 16. Qe3 Ne6 17. Ne2 a5 18. Nf4 a4 19. Nxe6 Qxe6 20. bxa4 Rxa4 21.
c3 Ra2 22. Rf2 c6 23. Ref1 h6 24. Ne1 Bg5 25. Qf3 b6 26. Nd3 Ra7 27. g3 Be7 28. Nf4 Qf5 29. Qe2 Ra2 30. e6 Bd6 31. exf7+ Qxf7 32. Ne6 Rxb2 33. Qxb2 Qxe6 34. Rxf8+ Bxf8 35. Qxb6 Qe3+ 36. Kg2 Qe2+ 37. Rf2 Qe4+ 38. Kh3 Qe6+ 39. Kg2 Qe4+ 40. Kg1 Qe1+ 41. Kg2 Qe4+ 1/2-1/2

[Event "Late-Titled-Tuesday-Blitz-May-07-2024"]
[Site "Chess.com"]
[Date "2024.05.07"]
[Round "11"]
[White "sammartin99"]
[Black "picturesquecheck"]
[Result "1-0"]
[WhiteElo "2602"]
[BlackElo "2458"]
[TimeControl "180+1"]
[EndTime "16:07:08 PDT"]
[Termination "sammartin99 won by resignation"]

1. d4 d6 2. e4 g6 3. Nf3 Bg7 4. Nc3 Nf6 5. h3 O-O 6. Be3 e5 7. Be2 exd4 8. Nxd4 Re8 9. Bf3 Nc6 10. O-O Bd7 11. Re1 Nxd4 12. Bxd4 Bc6 13. Qd2 Nd7 14. Bxg7 Kxg7 15. b4 Ne5 16. Be2 b6 17. a4 a5 18. Nd5 Bxd5 19. exd5 axb4 20. Qxb4 Ra5 21. Bb5 Rf8 22. f4 Nd7 23. Qd4+ Qf6 24. Qxf6+ Nxf6 25. c4 Nh5 26. Re7 Rc8 27. Rf1 Kf6 28. Rd7 Ng3 29.
Re1 Ra7 30. Ree7 Rf8 31. Rxc7 Rxc7 32. Rxc7 Ne2+ 33. Kf2 Nxf4 34. Rc6 Ke5 35. Rxb6 Nd3+ 36. Ke3 Nc5 37. a5 f5 38. g3 g5 39. a6 f4+ 40. gxf4+ gxf4+ 41. Kf3 Rf7 42. Rb8 Kd4 43. Rd8 Nd3 44. Rxd6 Ne5+ 45. Kf2 f3 46. Rb6 Nd3+ 47.
Kf1 f2 48. Rb7 Rf3 49. c5 Nxc5 50. Rc7 Ne4 51. Rc4+ Kxd5 52. Rxe4 Kxe4 53. Bc6+ Kf4 54.
Bxf3 Kxf3 55. a7 Kg3 56. a8=Q Kxh3 57. Qh1+ 1-0

[Event "Late-Titled-Tuesday-Blitz-May-07-2024"]
[Site "Chess.com"]
[Date "2024.05.07"]
[Round "11"]
[White "cthulhuuu"]
[Black "Goryachkina"]
[Result "0-1"]
[WhiteElo "2552"]
[BlackElo "2694"]
[TimeControl "180+1"]
[EndTime "16:07:09 PDT"]
[Termination "Goryachkina won on time"]

1. e4 c5 2. Nf3 Nc6 3. g3 e6 4. d3 Nf6 5. Bg2 d5 6. Nbd2 g6 7. O-O Bg7 8. Re1 O-O 9. Qe2 h6 10.
h4 e5 11. exd5 Nxd5 12. Nc4 Re8 13. a4 Bg4 14. c3 Qc7 15. Qc2 Rad8 16. Qb3 Nb6 17.
a5 Nxc4 18. Qxc4 Bf5 19. Qxc5 Bf8 20. Qe3 Rxd3 21. Qe2 e4 22. Qxd3 exf3 23. Rxe8 Bxd3 24. Bxf3 Ne5 25. Bg2 Bb5 26. Ra8 Ng4 27. Bf3 Qe7 28. Bf4 g5 29. hxg5 hxg5 30. Bd2 Ne5 31. Bg2 Qf6 32.
Be3 Nf3+ 33. Bxf3 Qxf3 34. Bc5 Bc6 35. Rxf8+ Kg7 36. Kf1 Qh1+ 37. Ke2 Qxa1 38. Rc8 Qxb2+ 39. Kd3 Bb5+ 0-1

[Event "Late-Titled-Tuesday-Blitz-May-07-2024"]
[Site "Chess.com"]
[Date "2024.05.07"]
[Round "11"]
[White "Yaacovn"]
[Black "ContrVersia"]
[Result "0-1"]
[WhiteElo "2853"]
[BlackElo "2922"]
[TimeControl "180+1"]
[EndTime "16:07:10 PDT"]
[Termination "ContrVersia won by resignation"]

1. d4 d5 2. Nf3 Nf6 3. Bf4 c5 4. c3 Qb6 5. Qc2 Nc6 6. e3 Bg4 7. Ne5 Bh5 8. Nd2 Bg6 9. Nxg6 hxg6 10. dxc5 Qxc5 11. e4 e6 12. Be2 Be7 13. O-O O-O 14.
exd5 Nxd5 15. Ne4 Qb6 16. Bg3 Rfd8 17. Rfd1 Rac8 18. Qb3 f5 19. Nd2 f4 20. Qxb6 axb6 21. c4 fxg3 22. cxd5 gxf2+ 23. Kxf2 Bc5+ 24. Kg3 exd5 25.
Nb3 Ne5 26. Kh3 Be3 27. Bf3 Nxf3 28. gxf3 Rc2 29. Nd4 Rxb2 30. Kg3 Kf7 31. Rd3 Bg5 32. a4 Bf6 33. Rad1 Rb4 34. Ne2 d4 35. Ra1 Ra8 36. h4 Raxa4 37. Rxa4 Rxa4 38. Rb3 Bxh4+ 39. Kh3 Bd8 40. f4 Ke6 41. Rb5 d3 42. Nc3 Rxf4 43. Rd5 Bf6 44. Rxd3 Bxc3 45. Rxc3 b5 46. Rc7 Rf7 47.
Rc5 Rf5 48. Rc7 Kd5 49. Rxg7 Kc4 50. Rxg6 b4 51. Kg4 Rf8 52. Rb6 b3 53. Rxb7 Kc3 54.
Rc7+ Kb2 55. Kg3 Kb1 56. Kg2 b2 57. Rb7 Rc8 58. Kf2 Kc1 0-1

[Event "Late-Titled-Tuesday-Blitz-May-07-2024"]
[Site "Chess.com"]
[Date "2024.05.07"]
[Round "11"]
[White "Ajedrez_con_German"]
[Black "rhwr"]
[Result "1-0"]
[WhiteElo "2555"]
[BlackElo "2292"]
[TimeControl "180+1"]
[EndTime "16:07:10 PDT"]
[Termination "Ajedrez_con_German won by checkmate"]

1. Nf3 Nf6 2. c4 g6 3. b3 Bg7 4. Bb2 O-O 5. g3 d6 6. Bg2 e5 7.
O-O c6 8. Nc3 h6 9. d3 Be6 10.
e4 Nbd7 11. d4 exd4 12. Nxd4 Qe7 13. h3 Nc5 14. Re1 Rfd8 15. Nf5 gxf5 16. exf5 a5 17. fxe6 Nxe6 18. Qd2 Qc7 19. Ne4 Nxe4 20. Rxe4 Ng5 21. Bxg7 Kxg7 22. Rg4 f5 23. Rxg5+ hxg5 24. Qxg5+ Kh8 25.
Re1 Qg7 26. Qxf5 Rf8 27. Qh5+ Kg8 28. Re4 Qh7 29. Rg4+ Kh8 30. Qg5 Rf5 31. Qd2 Qe7 32.
Be4 Rh5 33. h4 Re8 34. Kg2 Rf8 35. Bg6 Qe5 36. Bxh5 Qxh5 37. Rg5 Qf7 38. Qe2 Qf6 39. Qh5+ Qh6 40. Qxh6# 1-0

[Event "Late-Titled-Tuesday-Blitz-May-07-2024"]
[Site "Chess.com"]
[Date "2024.05.07"]
[Round "11"]
[White "klifus"]
[Black "ploxoi"]
[Result "0-1"]
[WhiteElo "2140"]
[BlackElo "2322"]
[TimeControl "180+1"]
[EndTime "16:07:10 PDT"]
[Termination "ploxoi won on time"]

1. e4 c6 2. d3 d5 3. Nd2 Nf6 4. Ngf3 Bg4 5. g3 Nbd7 6. Bg2 e6 7.
O-O Bd6 8. Re1 Qc7 9. h3 Bh5 10. g4 Bg6 11. Nh4 dxe4 12. dxe4 Bf4 13. Nc4 Bxc1 14.
Rxc1 O-O 15. Nxg6 hxg6 16. e5 Nd5 17. Qd4 Rad8 18. Qe4 Nc5 19. Qf3 Nd7 20. Qg3 b5 21. Nd2 Nc5 22. b4 Nxb4 23. Qc3 Nba6 24. Nb3 Nxb3 25. cxb3 c5 26. a4 bxa4 27. bxa4 Rd4 28. a5 Rfd8 29. Bf1 Nb4 30. Qxc5 Qb8 31. Rb1 R8d5 32. Qe7 Rd7 33. Qc5 R7d5 34. Qe7 Rf4 35. a6 Rdd4 36. Qb7 Rd8 37. Rec1 Kh7 38. Rc4 Rxc4 39.
Bxc4 Qxb7 40. axb7 Nc6 0-1

[Event "Late-Titled-Tuesday-Blitz-May-07-2024"]
[Site "Chess.com"]
[Date "2024.05.07"]
[Round "11"]
[White "NovakRatko"]
[Black "lluiss"]
[Result "1-0"]
[WhiteElo "2405"]
[BlackElo "2238"]
[TimeControl "180+1"]
[EndTime "16:07:11 PDT"]
[Termination "NovakRatko won on time"]

1. d4 Nf6 2. c4 g6 3. Nc3 d5 4.
f3 Bg7 5. e4 dxe4 6. fxe4 O-O 7. Be2 Nc6 8. e5 Nd7 9. Nf3 Nb6 10. h3 f6 11. exf6 Bxf6 12. Be3 e5 13. d5 Na5 14. Bxb6 axb6 15. O-O e4 16. Nxe4 Bxb2 17. Rb1 Bg7 18. Nfg5 Bf5 19. Ne6 Bxe6 20. dxe6 Qh4 21. Bg4 Rad8 22.
Qe2 Rd4 23. g3 Qe7 24. Rxf8+ Bxf8 25. Qf3 Bg7 26. Rf1 Rd8 27. Qf7+ Qxf7 28. exf7+ Kf8 29. Ng5 Rd6 30. Ne6+ Rxe6 31. Bxe6 Bd4+ 32. Kg2 Nc6 33. Bd5 Ne5 34. a4 c6 35. Be6 Bc5 36. h4 Nd3 37. g4 Ne5 38. g5 Kg7 39. Kg3 Bf8 40. Kf4 Bd6 41. Ke4 1-0

[Event "Late-Titled-Tuesday-Blitz-May-07-2024"]
[Site "Chess.com"]
[Date "2024.05.07"]
[Round "11"]
[White "Sinquefield"]
[Black "CarlosjPineror"]
[Result "1/2-1/2"]
[WhiteElo "2560"]
[BlackElo "2645"]
[TimeControl "180+1"]
[EndTime "16:07:12 PDT"]
[Termination "Game drawn by agreement"]

1. e4 c5 2. Nf3 e6 3. d4 cxd4 4. Nxd4 a6 5. Nc3 Qc7 6. g3 Nf6 7. Bg2 h5 8. O-O h4 9. Re1 hxg3 10. hxg3 d6 11. Bf4 e5 12. Nd5 Nxd5 13. exd5 Be7 14. Qf3 g6 15. Re2 O-O 16. Rae1 Bf6 17. Bh6 Bg7 18. Bxg7 Kxg7 19. Nb3 Nd7 20. Qe3 f5 21. f4 e4 22. g4 Nf6 23. gxf5 Bxf5 24. Bh3 Bxh3 25. Qxh3 Rh8 26. Qg3 Rh5 27. Rg2 Rh6 28.
Nd4 Qc5 29. Qe3 Qxd5 30. Rg5 Rah8 31. Rxd5 Rh1+ 32. Kg2 R8h2+ 33. Kg3 Rh3+ 34. Kg2 Rxe3 35. Rxe3 Nxd5 36. Rxe4 Rd1 37. c4 Nf6 38. Re7+ Kf8 39. Re6 Rxd4 40. Rxf6+ Ke7 41. Rxg6 Rxc4 42. Kf3 b5 43.
Rg7+ Ke6 44. Ra7 Ra4 45. a3 b4 46. axb4 Rxb4 47. Rxa6 Rxb2 48. Ra5 Rb3+ 49. Kg4 1/2-1/2

[Event "Late-Titled-Tuesday-Blitz-May-07-2024"]
[Site "Chess.com"]
[Date "2024.05.07"]
[Round "11"]
[White "Abund"]
[Black "Romkachess"]
[Result "1-0"]
[WhiteElo "2782"]
[BlackElo "2613"]
[TimeControl "180+1"]
[EndTime "16:07:14 PDT"]
[Termination "Abund won by resignation"]

1. e4 e5 2. Nf3 Nc6 3. Bb5 a6 4.
Ba4 Nf6 5. d3 b5 6. Bb3 Be7 7.
a4 Bb7 8. O-O O-O 9. Nc3 b4 10.
Nd5 Na5 11. Nxe7+ Qxe7 12. Ba2 d5 13. exd5 Bxd5 14. Re1 Bxa2 15. Rxe5 Be6 16. Rxa5 c5 17. d4 Rfd8 18. Qe2 c4 19. Bg5 h6 20. Bh4 Qc7 21. Rc5 Qf4 22. h3 Qe4 23. Qxe4 Nxe4 24.
Bxd8 Nxc5 25. Be7 b3 26. Bxc5 bxc2 27. Ne1 Bf5 28. Rc1 Rb8 29. Nxc2 Rxb2 30. Ne3 Bd3 31. Nxc4 Ra2 32. Na3 Be4 33. a5 Bd5 34. Nc4 f5 35. Bb6 f4 36. Ne5 g5 37. h4 Kg7 38. hxg5 hxg5 39.
f3 Kf6 40. Ng4+ Kf5 41. Re1 Bc4 42. Re5+ Kg6 43. Bd8 Ra1+ 44. Kh2 Ra2 45. Rxg5+ Kf7 46. Ne5+ Ke8 47. Bb6 1-0

[Event "Late-Titled-Tuesday-Blitz-May-07-2024"]
[Site "Chess.com"]
[Date "2024.05.07"]
[Round "11"]
[White "ChessLover0108"]
[Black "Polish_fighter3000"]
[Result "1-0"]
[WhiteElo "2971"]
[BlackElo "3098"]
[TimeControl "180+1"]
[EndTime "16:07:17 PDT"]
[Termination "ChessLover0108 won by checkmate"]

1. Nf3 Nf6 2. c4 g6 3. Nc3 Bg7 4. e4 d6 5. d4 O-O 6. Be2 Nc6 7. Be3 Re8 8. d5 Nb8 9. O-O e6 10. Qc2 exd5 11. cxd5 c5 12. h3 b6 13. Nd2 Na6 14.
a3 Nc7 15. b4 Nd7 16. Rab1 Ne5 17. Rfe1 f5 18. f4 Nf7 19. Bf3 fxe4 20. Ndxe4 Bf5 21. Bf2 cxb4 22. axb4 Rc8 23. Qd2 Bxc3 24. Nxc3 Bxb1 25.
Rxb1 Rf8 26. Ne4 Ne8 27. Bd4 Rc4 28. Ba1 b5 29. Qb2 h6 30. Re1 Kh7 31. Bg4 a5 32.
f5 Ne5 33. fxg6+ Kxg6 34. Nxd6 Qb6+ 35. Kh1 Nxg4 36. Re6+ Nef6 37. hxg4 Rf4 38. Nf5 Rf1+ 39. Kh2 Qg1+ 40. Kg3 Kg5 41. Qd2+ Kg6 42. Qxh6+ Kf7 43. Qg7# 1-0

[Event "Late-Titled-Tuesday-Blitz-May-07-2024"]
[Site "Chess.com"]
[Date "2024.05.07"]
[Round "11"]
[White "ccccvhhhj"]
[Black "Mikhail_Golubev"]
[Result "1-0"]
[WhiteElo "2509"]
[BlackElo "2599"]
[TimeControl "180+1"]
[EndTime "16:07:18 PDT"]
[Termination "ccccvhhhj won on time"]

1. e4 c5 2. Nf3 d6 3. d4 Nf6 4.
Nc3 cxd4 5. Nxd4 g6 6. Be3 Bg7 7. f3 Nc6 8. Qd2 O-O 9. g4 Nxd4 10. Bxd4 Be6 11. h4 Qa5 12. h5 Rfc8 13. hxg6 fxg6 14. g5 Nh5 15. Bxg7 Kxg7 16. Bh3 Bxh3 17. Rxh3 Qe5 18.
O-O-O Rc5 19. Nd5 Rac8 20. c3 e6 21. Nb4 Qxg5 22. Qxg5 Rxg5 23. Rxd6 Rc7 24. Nd3 e5 25. Rh1 Nf6 26. Re6 h5 27. Nxe5 Rg2 28. Nd3 Rg3 29. Rf1 h4 30. Kd2 h3 31. Ke3 h2 32. Rh1 Rg2 33. Nf4 Rxb2 34. Rxf6 Rxc3+ 35. Kd4 Rxf3 36. Rxg6+ Kf7 37. Rg4 Rb4+ 38. Ke5 Ra4 39. Rxh2 Ra5+ 40. Nd5 Ra6 41. Rh7+ Kf8 42. Rxb7 Rf7 43.
Rxf7+ Kxf7 44. Rg2 Ke8 45. Nc7+ 1-0

[Event "Late-Titled-Tuesday-Blitz-May-07-2024"]
[Site "Chess.com"]
[Date "2024.05.07"]
[Round "11"]
[White "nochewycandy"]
[Black "CarrotsandPizza"]
[Result "1/2-1/2"]
[WhiteElo "2760"]
[BlackElo "2590"]
[TimeControl "180+1"]
[EndTime "16:07:19 PDT"]
[Termination "Game drawn by repetition"]

1. d4 Nf6 2. Nf3 g6 3. Bg5 Bg7 4. Nbd2 O-O 5. e4 d6 6. Bd3 c5 7. c3 cxd4 8. cxd4 Nc6 9. h3 Qb6 10. Nb3 a5 11. a4 Nb4 12. O-O Nxd3 13. Qxd3 Re8 14. Rfc1 Nxe4 15. Qxe4 Qxb3 16. Rc7 Bf5 17. Qxb7 Qxb7 18. Rxb7 f6 19. Bd2 Be4 20. Rb5 Bxf3 21.
gxf3 Reb8 22. Bc3 Rxb5 23. axb5 a4 24. Ra3 Rb8 25. Rxa4 Rxb5 26. b4 Kf7 27. Ra5 Rb7 28. Kf1 Ke6 29. Ke2 d5 30. Kd3 Kd6 31. b5 Kd7 32.
Bb4 Bh6 33. Bc5 Bf4 34. b6 Bd6 35. Ra8 Kc6 36. Rh8 Bxc5 37. dxc5 Kxc5 38. Rxh7 g5 39. f4 gxf4 40. h4 Kd6 41. h5 Rxb6 42. h6 Rb3+ 43.
Ke2 Rh3 44. Rh8 Ke5 45. f3 Kf5 46. h7 e5 47. Rd8 Rxh7 48. Rxd5 Rh2+ 49. Kf1 Rb2 50. Ra5 Kg5 51. Ra8 Kh4 52. Rg8 Kh3 53. Rg7 f5 54. Rg5 Rb1+ 55. Kf2 Rb2+ 56. Kf1 Rb5 57. Kf2 Rb2+ 58. Kf1 1/2-1/2

[Event "Late-Titled-Tuesday-Blitz-May-07-2024"]
[Site "Chess.com"]
[Date "2024.05.07"]
[Round "11"]
[White "Byniolus"]
[Black "GMRafpig"]
[Result "0-1"]
[WhiteElo "2826"]
[BlackElo "2745"]
[TimeControl "180+1"]
[EndTime "16:07:21 PDT"]
[Termination "GMRafpig won on time"]

1. d4 Nf6 2. Nf3 e6 3. Bf4 b6 4.
e3 Bb7 5. h3 Be7 6. Nbd2 O-O 7.
Bd3 c5 8. c3 Nc6 9. O-O d5 10. a3 a5 11. Qe2 Qc8 12. Rac1 Ba6 13. c4 Qb7 14. Bg5 h6 15. Bxf6 Bxf6 16. cxd5 exd5 17.
dxc5 Bxd3 18. Qxd3 Rfd8 19. cxb6 Qxb6 20. Rc2 a4 21.
Rfc1 Na5 22. Nd4 Rab8 23. N2f3 Nc4 24. Rb1 Qd6 25. Qd1 Rb6 26. Nd2 Na5 27. Rc3 Qd7 28. Rc5 Nb7 29. Rc3 Na5 30. Rbc1 Bxd4 31. exd4 Rxb2 32.
Rc7 Qe8 33. Nf3 Nc4 34. Ne5 Nxe5 35. dxe5 Qxe5 36. Qxa4 d4 37. Qc4 Qf5 38. Rf1 d3 39. Qc3 Rc2 40. Qa5 Qxa5 0-1